 Dungeon Crawl Stone Soup version 0.17-a0-2007-g96ac4c4 (webtiles) character file.

202 Oddball22 the Shield-Bearer (level 5, -1/42 HPs)
             Began as a Demonspawn Fighter on Oct 9, 2015.
             Was a Follower of Cheibriados.
             Killed from afar by an orc wizard (3 damage)
             ... with a puff of flame
             ... on level 4 of the Dungeon.
             The game lasted 00:05:28 (2518 turns).

Oddball22 the Shield-Bearer (Demonspawn Fighter)    Turns: 2518, Time: 00:05:28

Health: -1/42      AC: 10    Str: 21    XL:     5   Next: 50%
Magic:  5/5        EV:  7    Int: 12    God:    Cheibriados [*.....]
Gold:   230        SH:  0    Dex: 15    Spells: 0 memorised, 4 levels left

rFire  . . .     SeeInvis .     a - +0 flail
rCold  . . .     Clarity  .     b - +0 scale mail
rNeg   . . .     SustAt   .     c - +0 shield
rPois  .         Gourm    .     (no helmet)
rElec  .         Spirit   .     u - +2 cloak {+Inv}
rCorr  .         Warding  .     (no gloves)
rMut   .         Stasis   .     (no boots)
MR     .....                    (no amulet)
Stlth  ..........               (no ring)
                                (no ring)

@: confused, very slow, not resistant to hostile enchantments, extremely
unstealthy
A: spiny 2
a: Bend Time, Renounce Religion, Evoke Invisibility


You were on level 4 of the Dungeon.
You worshipped Cheibriados.
Cheibriados was aware of your devotion.
You were not hungry.

You visited 1 branch of the dungeon, and saw 4 of its levels.

You collected 230 gold pieces.

Inventory:

Hand Weapons
 a - a +0 flail (weapon)
 p - a +3 hand axe of freezing
Armour
 b - a +0 scale mail (worn)
 c - a +0 shield (worn)
 u - a +2 cloak of invisibility (worn)
Jewellery
 t - an uncursed ring of positive energy {unknown}
Scrolls
 f - 4 scrolls of remove curse {unknown}
 g - 2 scrolls of teleportation {unknown}
 j - 3 scrolls of enchant weapon {unknown}
 l - a scroll of amnesia {unknown}
 m - 3 scrolls of identify {unknown}
 r - a scroll of blinking {unknown}
 w - a scroll of immolation {unknown}
Potions
 d - a potion of might
 h - 2 potions of ambrosia {unknown}
 o - a potion of curing {unknown}
 s - a potion of mutation {unknown}
 v - a potion of brilliance {unknown}
Miscellaneous
 q - a plain deck of wonders
Comestibles
 e - 2 bread rations
 i - 3 meat rations
 k - 2 beef jerkies
 n - a chunk of flesh


   Skills:
 + Level 3.7 Fighting
 + Level 3.1 Maces & Flails
 + Level 3.3 Armour
 * Level 4.1 Shields


You had 4 spell levels left.
You didn't know any spells.

Dungeon Overview and Level Annotations

Branches:
Dungeon (4/15)
 Temple: D:4-7

Altars:
Cheibriados
Dithmenos
Nemelex Xobeh
Vehumet
Xom
Yredelemnul


Innate Abilities, Weirdness & Mutations

You are mostly covered in sharp spines.


Message History

You hear some strange, mumbled words.
A puff of flame appears from out of thin air!
The puff of flame hits you!
The orc wizard gestures at you while chanting.
You resist with some effort. The orc wizard completely misses you.
The orc priest invokes the aid of Beogh against you.
Something smites you! Something hits you but does no damage.
The orc wizard is struck by your spines.
The orc wizard hits you with a dagger.
You barely miss the orc priest. Something hits you but does no damage.
The orc wizard is struck by your spines.
You kill the orc wizard!
Cheibriados appreciates the change of pace.
The orc priest invokes the aid of Beogh against you.
Something smites you!
* * * LOW HITPOINT WARNING * * *
You hear some strange, mumbled words.
A puff of flame appears from out of thin air!
The puff of flame hits you!
You die...

#.... .. .. #....#
#.# #w##....###.#
#........##.#
#........##.#
........##.#
#...o.##.##
.#.#.o{o.....#
..o..oo@.....#
......o).....#
.....o..###.##
........###.######
.................#
.................#
.................#
.................#
.............#######


You could see a worm, an orc priest, 2 orc wizards and 5 orcs.

Vanquished Creatures
  An orc priest (D:4)
  An orc wizard (D:4)
  Terence (D:2)
  6 adders
  A shadow imp (D:3)
  2 worms (D:2)
  2 giant geckos
  5 orcs
  2 ball pythons (D:3)
  7 goblins
  3 hobgoblins
  7 jackals
  6 kobolds
  A quokka (D:3)
  2 bats
  2 giant cockroaches
  2 giant newts
  6 rats
57 creatures vanquished.

Notes
Turn   | Place    | Note
--------------------------------------------------------------
     0 | D:1      | Oddball22 the Demonspawn Fighter began the quest for the Orb.
     0 | D:1      | Reached XP level 1. HP: 18/18 MP: 1/1
   556 | D:1      | Gained mutation: You are partially covered in sharp spines. [demonic ancestry]
   556 | D:1      | Reached XP level 2. HP: 24/24 MP: 2/2
   715 | D:2      | Found a radiant altar of Vehumet.
   895 | D:2      | Noticed Terence
   906 | D:2      | Killed Terence
   906 | D:2      | Reached XP level 3. HP: 18/29 MP: 3/3
  1204 | D:2      | Found a sparkling altar of Nemelex Xobeh.
  1593 | D:2      | Found a snail-covered altar of Cheibriados.
  1602 | D:2      | Reached XP level 4. HP: 25/35 MP: 4/4
  1716 | D:2      | Became a worshipper of Cheibriados the Contemplative
  2049 | D:3      | Found a shimmering altar of Xom.
  2052 | D:3      | Found a shadowy altar of Dithmenos.
  2103 | D:3      | Acquired Cheibriados's first power
  2124 | D:3      | Found a basalt altar of Yredelemnul.
  2510 | D:4      | Gained mutation: You are mostly covered in sharp spines. [demonic ancestry]
  2510 | D:4      | Reached XP level 5. HP: 41/41 MP: 5/5
  2514 | D:4      | Reached skill level 4 in Shields
  2518 | D:4      | HP: 2/42 [orc priest/divine providence (11)]
  2518 | D:4      | Killed from afar by an orc wizard

Vault maps used:
D:1:      minmay_arrival_five_plusses
D:2:      fiery_altar_vehumet, old_standard_altar, nemelex_deck, serial_forest,
          infiniplex_forest_3_way, infiniplex_forest_3_way,
          infiniplex_forest_straight_4, infiniplex_forest_lined_3,
          infiniplex_forest_end_1, infiniplex_forest_lined_room_3,
          infiniplex_forest_clump_tiny, grunt_decor_cap, uniq_terence
D:3:      nicolae_overflow_hidden_temple, first_bread, serial_curves,
          eino_curves_04, eino_curves_03, eino_curves_02
D:4:      lemuel_doored_altar, temple_fountains, serial_shops, shop_statue,
          uniq_crazy_yiuf_cottage

Action                   |  1- 3 |  4- 6 || total
-------------------------+-------+-------++-------
Melee: Flail             |    66 |    51 ||   117
  Eat: Chunk             |     2 |     3 ||     5
